AoeStats
← Lewy6594

Arena

508247146Analyzed
1v1 RM · 10d ago on Sep 21, 2026· 37m 7s· 2 players
Game mode
Random Map
Map size
Tiny (2 player)
Population
200
Speed
Normal
Resources
Standard
Victory
Conquest
Starting age
Dark Age
Ending age
Imperial Age
RankedLock teamsTeams togetherTeam positionsShared explorationLock speedFull tech treeHidden civsTurbo modeCheats
Victory
Defeat
🇵🇱 Britons · Poland
671
+17
🇺🇸 Goths · United States
687
-17
Lewy6594
3:52 Loom
10:20 Feudal Age
11:01 Double-Bit Axe
10:57 Horse Collar
11:07 Town Watch
12:02 Wheelbarrow
13:22 Town Watch
15:48 Gold Mining
19:46 Castle Age
19:16 Fletching
19:33 Scale Barding Armor
21:13 Bow Saw
21:04 Heavy Plow
21:42 Gold Shaft Mining
21:59 Stone Mining
23:05 Hand Cart
24:07 Fervor
24:28 Forging
25:14 Town Patrol
29:55 Murder Holes
30:21 Ballistics
32:38 Imperial Age
30:11 Bodkin Arrow
30:17 Padded Archer Armor
30:40 Chain Barding Armor
33:05 Leather Archer Armor
33:26 Iron Casting
33:20 Fortified Wall
33:21 Masonry
32:52 Treadmill Crane
34:22 Two-Man Saw
32:50 Cavalier
33:30 Husbandry
34:50 Conscription
35:21 Bracer
36:01 Plate Barding Armor
36:42 Elite Longbowman
logan_wolfe
11:01 Feudal Age
11:26 Double-Bit Axe
11:25 Horse Collar
12:08 Loom
12:59 Wheelbarrow
19:38 Castle Age
18:31 Forging
18:24 Scale Mail Armor
18:44 Stone Mining
18:48 Gold Mining
21:18 Man-at-Arms
22:21 Long Swordsman
25:25 Stone Shaft Mining
25:08 Hand Cart
25:34 Iron Casting
33:15 Imperial Age
30:41 Pikeman
34:49 Squires
34:15 Halberdier
Connection lost

Rejoining the realm…

Still unreachable

The connection could not be restored.

Session expired

The server has moved on; the page needs a fresh start.